 Dungeon Crawl Stone Soup version 0.28.0-1-gb440e238dd (webtiles) character file.

Game seed: 18092121316158102821

89 fknight the Chopper (level 4, -7/41 HPs)
             Began as a Hill Orc Monk on Feb 27, 2022.
             Mangled by a lemure (8 damage)
             ... led by Pikel
             ... on level 5 of the Dungeon.
             The game lasted 00:06:00 (2110 turns).

fknight the Chopper (Hill Orc Monk)                 Turns: 2110, Time: 00:06:01

Health: -7/41      AC:  9    Str: 15    XL:     4   Next: 55%
Magic:  4/4        EV:  7    Int:  8    God:
Gold:   99         SH:  0    Dex: 13    Spells: 3/3 levels left

rFire   . . .      SeeInvis .   m - +2 dagger (drain)
rCold   . . .      Faith    .   (no shield)
rNeg    . . .      Spirit   .   d - +0 chain mail
rPois   .          Reflect  .   e - +0 helmet
rElec   .          Harm     .   (no cloak)
rCorr   .          Rampage  .   (no gloves)
Will    .....                   (no boots)
Stlth   ..........              (no amulet)
HPRegen 0.13/turn               (no ring)
MPRegen 0.09/turn               (no ring)

@: flying, hasted, unable to read, very quick
A: deterioration 1, dopey 1, inability to read while threatened
a: no special abilities


You were on level 5 of the Dungeon.
You visited 1 branch of the dungeon, and saw 4 of its levels.

You collected 99 gold pieces.

Inventory:

Hand Weapons
 a - a +0 hand axe
 i - a +1 dagger of electrocution
 l - a +0 hunting sling
 m - a +2 dagger of draining (weapon)
Missiles
 n - 20 sling bullets
 p - 14 stones (quivered)
Armour
 d - a +0 chain mail (worn)
 e - a +0 helmet (worn)
Jewellery
 o - a ring of see invisible
Scrolls
 h - a scroll of identify {unknown}
Potions
 b - a potion of haste
 k - a potion of flight


   Skills:
 + Level 4.3 Fighting
 + Level 4.9 Axes
 + Level 2.9 Dodging
 + Level 2.4 Stealth


You had 3 spell levels left.
You didn't know any spells.
Your spell library contained the following spells:

 Spells                   Type           Power      Damage    Failure   Level
 Conjure Flame            Conj/Fire      0%         6-21      100%        3
 Gell's Gravitas          Tloc           0%         N/A       100%        3
 Ignite Poison            Fire/Tmut/Pois 0%         N/A       100%        3
 Lesser Beckoning         Tloc           0%         N/A       100%        3
 Teleport Other           Tloc           0%         N/A       100%        3
 Sticky Flame             Conj/Fire      0%         2d3       100%        4


Dungeon Overview and Level Annotations

Branches:
Dungeon (5/15)
 Temple: D:4-7

Altars:
Okawaru

Shops:
D:1 ?


Innate Abilities, Weirdness & Mutations

Your body sometimes deteriorates upon taking damage.
You are dopey. (Int -2)
You sometimes lose the ability to read scrolls when taking damage.


Message History

* * * LOW HITPOINT WARNING * * *
It was a potion of flight.
You feel very buoyant.
You fly up into the air.
The hound bites you but does no damage. The lemure hits you but does no damage.
It was a potion of mutation.
You feel extremely strange.
You feel stupid.
You lose the ability to read scrolls when threatened.
You feel yourself wasting away. The hound bites you but does no damage.
The lemure hits you but does no damage.
As you read the scroll labelled GOSMOU RUEMYIPN, it crumbles to dust.
It is a scroll of amnesia.
You feel forgetful for a moment. The hound bites you.
* * * LOW HITPOINT WARNING * * *
As you read the scroll labelled SEMNIMAUTA, it crumbles to dust.
The creatures around you are filled with an inner flame!
It was a scroll of immolation.
The hound bites you.
* * * LOW HITPOINT WARNING * * *
The lemure barely misses you.
As you read the scroll labelled KUEQUA QUAR, it crumbles to dust.
The scroll dissolves into smoke.
It was a scroll of fog.
The hound bites you but does no damage. The lemure hits you.
You feel threatened and lose the ability to read scrolls!
* * * LOW HITPOINT WARNING * * *
You cannot read scrolls in your current state!
You hit the lemure.
Flame seeps out of the lemure.
The lemure is moderately wounded.
The hound bites you but does no damage.
You hit the lemure but do no damage.
The lemure is moderately wounded.
The hound bites you.
* * * LOW HITPOINT WARNING * * *
The lemure hits you but does no damage.
You hit the lemure.
Flame seeps out of the lemure.
The lemure is moderately wounded.
The hound bites you but does no damage. The lemure hits you but does no damage.
You closely miss the lemure.
The lemure is moderately wounded.
The hound bites you but does no damage. The lemure hits you!
You die...

# ##. #
###$.§###.##
.....§h@5§.#
###..§###§.#
..... .#
.... # ###


You could see a lemure (inner flame) and a hound (inner flame).

Vanquished Creatures
  Natasha (D:4)
  3 adders
  2 dart slugs
  An endoplasm (D:1)
  6 goblins
  2 hobgoblins (D:1)
  2 jackals (D:1)
  2 kobolds
  2 quokkas (D:1)
  5 ball pythons (D:1)
  5 bats
  2 frilled lizards (D:1)
  2 rats (D:2)
35 creatures vanquished.

Notes
Turn   | Place    | Note
-------+----------+-------------------------------------------
     0 | D:1      | fknight the Hill Orc Monk began the quest for the Orb.
     0 | D:1      | Reached XP level 1. HP: 19/19 MP: 1/1
    36 | D:1      | Found a faded altar of an unknown god.
   217 | D:1      | Found Immasch's Magic Scroll Shop.
   311 | D:1      | Reached XP level 2. HP: 21/27 MP: 2/2
  1097 | D:2      | Reached XP level 3. HP: 33/33 MP: 3/3
  1527 | D:2      | Found an iron altar of Okawaru.
  1870 | D:2      | You fall into a shaft and drop 2 floors!
  1870 | D:4      | Noticed Natasha
  1886 | D:4      | Killed Natasha
  1887 | D:4      | Reached XP level 4. HP: 21/41 MP: 4/4
  2077 | D:4      | Noticed a lemure
  2088 | D:5      | Entered Level 5 of the Dungeon
  2103 | D:5      | Gained mutation: You are dopey. (Int -2) [potion of
                  | mutation]
  2103 | D:5      | Gained mutation: You sometimes lose the ability to read
                  | scrolls when taking damage. [potion of mutation]
  2103 | D:5      | Gained mutation: Your body sometimes deteriorates upon
                  | taking damage. [potion of mutation]
  2108 | D:5      | HP: 1/41 [hound (3)]
  2110 | D:5      | Mangled by a lemure

Illustrated notes

Levels and vault maps discovered:
D:1:      nicolae_arrival_washed_ashore, layout_rooms, serial_shops,
          shop_fountains, nicolae_ecumenical_snake_handling,
          grunt_decor_resistance
D:2:      layout_basic, basic_altar
D:4:      layout_rooms, nicolae_gozag_cash_rules_everything_around_me,
          uniq_natasha, uniq_blork_the_orc, uniq_pikel
D:5:      layout_loops_ring, minitemple, minmay_temple_entry_offerings,
          cheibrodos_sewer_entry_bend, uniq_sigmund, uniq_prince_ribbit1

Skill      XL: |  1  2 |
---------------+-------+-----
Stealth        | 2 |  2.4
Fighting       | 4 |  4.3
Axes           | |  4.9
Dodging        | |  2.9

Action                   |  1- 3 |  4- 6 || total
-------------------------+-------+-------++-------
Melee: Hand axe          |   117 |       ||   117
       Dagger            |    13 |    25 ||    38
       Punch             |     1 |       ||     1
 Fire: Hunting sling     |     5 |       ||     5
  Use: Scroll            |       |     3 ||     3
       Potion            |       |     3 ||     3
 Stab: Sleeping          |     2 |       ||     2
Armor: Robe              |     9 |       ||     9
       Chain mail        |    63 |    28 ||    91
Dodge: Dodged            |    75 |    17 ||    92
